[Event "*** Titled Tuesday 3|2 Blitz"]
[Site "Chess.com"]
[Date "2016.01.05"]
[Round "1"]
[White "Jahonas"]
[Black "MasterLeif"]
[Result "0-1"]
[WhiteElo "2093"]
[BlackElo "2365"]
[TimeControl "180+2"]
[EndTime "17:09:12 PST"]
[Termination "MasterLeif won by resignation"]

1. d4 d5 2. Nf3 Nf6 3. c3 c6 4. Bf4 Bf5 5. Nbd2 Nbd7 6. e3 e6 7. Be2 Be7 8. Nh4 Bg6 9. Nxg6 hxg6 10. O-O O-O 11. Bd3 c5 12. Rc1 Rc8 13. Qf3 Nh5 14. e4 Nxf4 15. Qxf4 Bg5 16. Qd6 Bxd2 17. Rcd1 Bg5 18.
exd5 exd5 19. Qxd5 Nb6 20. Qxb7 cxd4 21. cxd4 Qc7 22.
Qa6 Rfd8 23. Be4 Bf6 24. d5 Bxb2 25. g3 Be5 26. Rc1 Qd7 27. Rxc8 Rxc8 28. Rd1 Bd6 29.
Qe2 Qe7 30. Qf3 Re8 31. Bc2 Nc4 32. Bb3 Nd2 33. Qd3 Nxb3 34. Qxb3 g5 35. Qa4 Qe2 36. Rf1 Bc5 37. Qc6 Bb6 38. d6 Qe6 39. Rd1 Rd8 40. a4 Qd7 41. Qd5 g4 42. Qe4 Qe6 43. Qd3 Qf6 44. d7 Qxf2+ 45. Kh1 Qf3+ 46. Qxf3 gxf3 47. Rd3 f2 48. Kg2 Kf8 0-1

[Event "*** Titled Tuesday 3|2 Blitz"]
[Site "Chess.com"]
[Date "2016.01.05"]
[Round "1"]
[White "alex_zapata"]
[Black "DanielNaroditsky"]
[Result "1/2-1/2"]
[WhiteElo "2190"]
[BlackElo "2553"]
[TimeControl "180+2"]
[EndTime "17:09:31 PST"]
[Termination "Game drawn - insufficient material"]

1. e4 e5 2. Nf3 Nc6 3. Bb5 a6 4. Ba4 Nf6 5. O-O Be7 6. Re1 b5 7. Bb3 d6 8. c3 O-O 9. h3 Na5 10. Bc2 c5 11. d4 Nd7 12. Nbd2 exd4 13. cxd4 Nc6 14. Nf1 cxd4 15. Nxd4 Nxd4 16. Qxd4 Ne5 17. Ne3 Bxh3 18. f4 Nc6 19. Qc3 Bd7 20. Nd5 Rc8 21.
b3 Be6 22. Bb2 f6 23. Qd3 g6 24. Rad1 Bxd5 25. Qxd5+ Rf7 26. Bb1 Qb6+ 27. Kh2 Qf2 28. Rc1 Qxb2 29. Rxc6 Rxc6 30. Qxc6 Qf2 31. Qc1 d5 32.
Rf1 Qh4+ 33. Kg1 dxe4 34. Bxe4 Bd8 35. Qc8 Rf8 36. Bd5+ Kh8 37. Qxa6 Qg3 38. Qxb5 Qe3+ 39. Kh2 Bc7 40. Qc4 Bd6 41. Rf3 Qd2 42. a4 g5 43. Qe4 Bxf4+ 44. Rxf4 Qxf4+ 45. Qxf4 gxf4 46.
a5 Rd8 47. Bf3 Rb8 48. a6 Rxb3 49. a7 Ra3 50. a8=Q+ Rxa8 51. Bxa8 Kg7 52. Kh3 f5 53. Kh2 Kg6 54. Kg1 Kg5 55. Kf2 h5 56. Kf3 h4 57.
Bc6 h3 58. gxh3 Kh4 59. Kxf4 Kxh3 60. Kxf5 1/2-1/2

[Event "*** Titled Tuesday 3|2 Blitz"]
[Site "Chess.com"]
[Date "2016.01.05"]
[Round "1"]
[White "cool64chess"]
[Black "FairChess_on_YouTube"]
[Result "0-1"]
[WhiteElo "2223"]
[BlackElo "2780"]
[TimeControl "180+2"]
[EndTime "17:09:34 PST"]
[Termination "FairChess_on_YouTube won by resignation"]

1. d4 d5 2. c4 c6 3. Nc3 Nf6 4. Nf3 a6 5. e3 Bf5 6. Bd3 Bxd3 7. Qxd3 e6 8. O-O Bb4 9. Nd2 O-O 10. e4 Nbd7 11. e5 dxc4 12. Nxc4 Nd5 13. Ne4 b5 14.
Ncd6 c5 15. a3 c4 16. Qh3 Bxd6 17. Nxd6 Qe7 18. f4 f5 19. Bd2 N7b6 20. b3 Rfd8 21. Ba5 c3 22. Bxc3 Nc8 23. Nxc8 Rdxc8 24. Bd2 Rc2 25. Qd3 Rac8 26. Rfc1 Qc7 27. Qf1 Qb7 28. Qd1 Ne3 29. Qe2 Nxg2 30. Rxc2 Rxc2 31. Qxg2 Qxg2+ 32. Kxg2 Rxd2+ 33. Kf3 Rd3+ 34. Ke2 Rxd4 35. Ke3 Re4+ 36. Kf3 h6 37. Rd1 g5 38. Rd6 Rxf4+ 39. Kg2 Kf7 40. Rxa6 Re4 41. Ra7+ Kg6 42. a4 bxa4 43. bxa4 Rxe5 44.
a5 f4 45. a6 Ra5 46. Ra8 Ra3 47. a7 Kh5 48. Kf2 e5 49. Ke2 e4 50. h4 Ra2+ 51. Kd1 Kxh4 52. Rh8 Rxa7 53. Rxh6+ Kg3 54. Re6 e3 55. Ke2 Ra2+ 0-1

[Event "*** Titled Tuesday 3|2 Blitz"]
[Site "Chess.com"]
[Date "2016.01.05"]
[Round "1"]
[White "pKiLz5Rn9b"]
[Black "JustKid"]
[Result "1-0"]
[WhiteElo "2368"]
[BlackElo "2095"]
[TimeControl "180+2"]
[EndTime "17:09:42 PST"]
[Termination "pKiLz5Rn9b won by resignation"]

1. e4 d5 2. exd5 Qxd5 3. Nc3 Qd6 4. d4 c6 5. Nf3 Bg4 6. Be2 Nd7 7. O-O e6 8. Be3 Ngf6 9. h3 Bh5 10. Re1 Be7 11. Qd2 Qc7 12. Rad1 O-O 13. Bf4 Bd6 14.
Bxd6 Qxd6 15. Qe3 Nb6 16. Ne5 Bxe2 17. Qxe2 Rad8 18. Ne4 Nxe4 19. Qxe4 Qd5 20. Qxd5 Nxd5 21. c4 Nb6 22. b3 g6 23. Rd3 Nd7 24. Nf3 Nf6 25. Kf1 Kg7 26. g4 h6 27. Red1 a5 28. Ne5 Nd7 29. Nf3 Nf6 30. Kg2 Rd6 31. Ne5 Nd7 32.
Nf3 Nf6 33. c5 Rd5 34. Ne5 Rfd8 35. Nc4 Ne4 36. Nb2 R5d7 37. f3 Nf6 38. Nc4 Nd5 39.
Kg3 Ra8 40. a3 g5 41. Ne5 Rdd8 42. h4 Nf4 43. R3d2 Rd5 44. Nc4 Rdd8 45. Kf2 f6 46.
Rh1 Nd5 47. Kg3 Nf4 48. Kf2 Nd5 49. Ke1 Nf4 50. Kd1 Nd5 51. Kc2 Nf4 52. Nd6 Rd7 53. Rdh2 Ng6 54. hxg5 fxg5 55. Rxh6 Nh4 56. Rxe6 Nxf3 57.
Nf5+ Kg8 58. Rg6+ Kf7 59. Rg7+ Ke6 60. Rh6+ 1-0

[Event "*** Titled Tuesday 3|2 Blitz"]
[Site "Chess.com"]
[Date "2016.01.05"]
[Round "1"]
[White "Yaacovn"]
[Black "Colombiano07"]
[Result "0-1"]
[WhiteElo "2545"]
[BlackElo "2193"]
[TimeControl "180+2"]
[EndTime "17:10:04 PST"]
[Termination "Colombiano07 won by resignation"]

1. d4 g6 2. Nf3 Nf6 3. c4 Bg7 4. Nc3 O-O 5. g3 d6 6. Bg2 c6 7. O-O Bf5 8. b3 Ne4 9. Bb2 Nxc3 10. Bxc3 Be4 11. Ne1 Bxg2 12. Nxg2 Nd7 13. e3 e5 14. dxe5 dxe5 15. Qc2 Qe7 16. Rfd1 Rad8 17. Qb2 Nc5 18. Bb4 b6 19. Qa3 a5 20. Bxc5 Qxc5 21.
Qxc5 bxc5 22. Kf1 f5 23. Ke2 Kf7 24. Rxd8 Rxd8 25. Rd1 Rb8 26. Rd7+ Kf8 27. Ra7 Bf6 28. h4 Bd8 29. Ne1 e4 30. Ng2 Bb6 31. Rxh7 Kg8 32.
Re7 a4 33. Re6 Kf7 34. Rxc6 axb3 35. axb3 Bd8 36. Nf4 Bf6 37. Rc7+ Kg8 38. Rxc5 Rxb3 39. Rc6 Kf7 40. Rc7+ Kg8 41. Nxg6 Rb2+ 42. Kf1 Rc2 43. Nf4 Be5 44. Nd5 Kh8 45. Ne7 Bxc7 46. Nxf5 Rxc4 47.
Ne7 Rc2 48. Nd5 Ba5 49. Nf6 Rc4 50. Ng4 Kg7 51. Ne5 Rc2 52. h5 Bc3 53. Nd7 Kh6 54. Nc5 Kxh5 55. Nxe4 Kg4 56. Kg2 Bb4 57. Kf1 Bc3 58.
Kg2 Bb4 59. Kf1 Be7 60. Kg2 Ra2 61. Nc3 Rc2 62. Nd5 Bg5 63. Nb4 Rd2 64. Nc6 Bxe3 65. Ne5+ Kf5 66. Nc4 Rxf2+ 67. Kh3 Ke4 68. Kg4 Rc2 69.
Nd6+ Ke5 70. Nf5 Rc4+ 71. Kh5 Kxf5 72. g4+ Kf6 73. g5+ Kg7 74. g6 Rc5+ 75. Kg4 Kxg6 76. Kf3 Rc4 0-1

[Event "*** Titled Tuesday 3|2 Blitz"]
[Site "Chess.com"]
[Date "2016.01.05"]
[Round "1"]
[White "jlandaw"]
[Black "pedromartinez91"]
[Result "1/2-1/2"]
[WhiteElo "2350"]
[BlackElo "2077"]
[TimeControl "180+2"]
[EndTime "17:10:30 PST"]
[Termination "Game drawn - insufficient material"]

1. e4 e6 2. d4 d5 3. Nd2 Nf6 4. e5 Ne4 5. Nxe4 dxe4 6. Be3 c5 7. dxc5 Nd7 8. c3 Qc7 9. Qa4 Bxc5 10. Bb5 Bxe3 11.
fxe3 O-O 12. Qxe4 Nxe5 13. Nf3 Nxf3+ 14. gxf3 Qb6 15. Bd3 f5 16. Qd4 Qxb2 17. O-O Qb6 18. Qe5 Rd8 19. Bc4 Qc6 20. Bb3 Bd7 21. Rad1 Kh8 22.
Rd6 Qc7 23. Rfd1 f4 24. exf4 Rac8 25. Rxe6 Bxe6 26. Rxd8+ Qxd8 27. Bxe6 Qd1+ 28. Kg2 Qd2+ 29. Kg3 Rf8 30. Bd5 Qd3 31. c4 Qg6+ 32. Qg5 Qf6 33.
Qxf6 Rxf6 34. Bxb7 Rb6 35. Bd5 Rb2 36. c5 Rc2 37. c6 g6 38. f5 Kg7 39. Kf4 Kf6 40.
fxg6 hxg6 41. h4 Rc5 42. Ke4 Rc1 43. Kd4 Ke7 44. Ke5 Re1+ 45. Be4 Rc1 46. Kd5 Rd1+ 47. Kc5 Rc1+ 48. Kb5 Kd6 49. Ka6 Ra1 50. Kxa7 Kc7 51. Bd5 Rd1 52. Be4 Rd2 53. a4 Ra2 54. Ka6 Rxa4+ 55. Kb5 Ra1 56. Bxg6 Rh1 57. h5 Rh3 58. f4 Rb3+ 59. Kc4 Rf3 60. Kd5 Rxf4 61. h6 Rh4 62. h7 Rh6 63. Be4 Rh5+ 64. Ke6 Rh4 65. Kf6 Rxh7 66. Bxh7 Kxc6 1/2-1/2

[Event "*** Titled Tuesday 3|2 Blitz"]
[Site "Chess.com"]
[Date "2016.01.05"]
[Round "1"]
[White "Penguininja"]
[Black "DeviatkinAndrey"]
[Result "0-1"]
[WhiteElo "2149"]
[BlackElo "2481"]
[TimeControl "180+2"]
[EndTime "17:10:38 PST"]
[Termination "DeviatkinAndrey won by resignation"]

1. d4 d5 2. c4 dxc4 3. e3 e5 4. Bxc4 Nc6 5. Ne2 Nf6 6. O-O Bd6 7. d5 Ne7 8. Ng3 h5 9. Nc3 h4 10. Nge4 Bf5 11. Bb5+ Nd7 12. Nxd6+ cxd6 13. e4 Bg6 14. Bg5 a6 15. Be2 f6 16. Be3 O-O 17. a4 Rc8 18. Qb3 Nc5 19. Bxc5 Rxc5 20. Qxb7 a5 21. Bb5 f5 22. exf5 Nxf5 23. Ne4 Rc7 24. Qb6 h3 25. g3 Rc2 26. Qxd8 Rxd8 27. Rac1 Rxb2 28. Ng5 Nd4 29. f4 e4 30. f5 Bxf5 31. Rcd1 Nf3+ 32. Nxf3 exf3 33.
Bd3 Bg4 34. Rc1 Re8 35. Rf2 Rb3 36. Bf1 g5 37. Rc4 Bf5 38. Rc6 Rd8 39. Ra6 g4 40. Rxa5 Rb1 41. Rb5 Ra1 42. a5 Re8 43. a6 Rxa6 44. Rb8 Rxb8 45. Bxa6 Rb1+ 46. Rf1 Rb6 47. Bc4 Rb4 48. Ba2 Kg7 49. Rf2 Kf6 50. Rd2 Ra4 51. Kf2 Ra3 52. Bc4 Ke5 53. Bf1 Be4 54.
Bc4 Ra1 55. Ke3 Re1+ 56. Kf2 Rc1 57. Ba2 Rc2 58. Rxc2 Bxc2 59. Bc4 Be4 60. Ba6 Bxd5 61. Ke3 Be6 62. Bf1 d5 63. Kd2 d4 64. Ke1 Ke4 65. Kf2 d3 66. Kg1 Ke3 67. Kh1 d2 68. Kg1 f2+ 0-1

[Event "*** Titled Tuesday 3|2 Blitz"]
[Site "Chess.com"]
[Date "2016.01.05"]
[Round "1"]
[White "jcibarra"]
[Black "TheMagician"]
[Result "1-0"]
[WhiteElo "2513"]
[BlackElo "2157"]
[TimeControl "180+2"]
[EndTime "17:10:40 PST"]
[Termination "jcibarra won by resignation"]

1. e4 c5 2. Nf3 e6 3. d4 cxd4 4. Nxd4 Nc6 5. Nc3 Nf6 6. Ndb5 Bb4 7. a3 Bxc3+ 8. Nxc3 d5 9. Bd3 O-O 10. O-O Ne5 11.
Bg5 Nxd3 12. Qxd3 d4 13. Ne2 e5 14. f4 h6 15. Bxf6 Qxf6 16. fxe5 Qxe5 17. Qxd4 Qg5 18. Nf4 Be6 19. Rf3 Bg4 20. Rf2 Rfd8 21. Nd5 Be6 22. c4 b6 23. Rd1 Rac8 24. b3 Kh8 25. Qd2 Qe5 26. Qd4 f6 27. Qxe5 fxe5 28.
Rfd2 Rd7 29. a4 Rcd8 30. h3 Kh7 31. Kf2 Rf8+ 32. Ke3 Rdf7 33. Nb4 Bxh3 34. Nd3 Bg4 35. Rc1 Re7 36. b4 Rc8 37. c5 bxc5 38. Rxc5 Rb8 39. Nxe5 Rxb4 40. Rd4 Rb3+ 41. Rd3 Rb4 42. a5 Ra4 43.
Rd8 h5 44. Kf4 Re6 45. Rc7 Ra1 46. Nxg4 Rf1+ 47. Kg3 hxg4 48. Rdd7 Rg6 49. Rxa7 Ra1 50. Rd5 Ra4 51. Rh5+ Rh6 52. Rg5 Rg6 53. Rxg6 Kxg6 54. Kf4 g3 55. a6 Kh6 56. Ra8 Ra5 57. Kxg3 Kg5 58. Kh3 Ra3+ 59. g3 g6 60. Kg2 Kg4 61.
Kf2 Ra2+ 62. Ke3 Kxg3 63. e5 g5 64. e6 Ra1 65. a7 Re1+ 66. Kd2 Rxe6 67. Rg8 Rd6+ 68.
Ke3 Rg6 69. Rxg6 1-0

[Event "*** Titled Tuesday 3|2 Blitz"]
[Site "Chess.com"]
[Date "2016.01.05"]
[Round "1"]
[White "saraswathii"]
[Black "LADIESGET2KNOWME"]
[Result "1/2-1/2"]
[WhiteElo "1866"]
[BlackElo "2281"]
[TimeControl "180+2"]
[EndTime "17:11:40 PST"]
[Termination "Game drawn - insufficient material"]

1. e4 e6 2. d3 d5 3. Nd2 Nf6 4.
Ngf3 Bc5 5. e5 Nfd7 6. d4 Be7 7. g3 c5 8. c3 Nc6 9. Bg2 Qb6 10. Nb3 a5 11. a4 O-O 12. O-O c4 13. Nbd2 Qd8 14.
h4 Rb8 15. Re1 b5 16. axb5 Rxb5 17. Qa4 Ba6 18. Nh2 Qb6 19. Qc2 Nd8 20. Ndf1 f5 21.
exf6 Nxf6 22. Ne3 Nf7 23. Neg4 Bc8 24. Bf4 Nd6 25. Nxf6+ Bxf6 26. Ng4 Rxb2 27. Qc1 Nf5 28. Rxa5 Rxf2 29. Nxf6+ gxf6 30. Rc5 Qb2 31. Qxb2 Rxb2 32. Rxc8 Rxc8 33. Rxe6 Rd8 34. Rxf6 Ne7 35. Bd6 Rf8 36.
Bxe7 Rxf6 37. Bxf6 Kf7 38. Be5 Ke6 39. Bh3+ Ke7 40. Bf5 Rb3 41. Bxh7 Rxc3 42. Bg8 Rc1+ 43. Kf2 c3 44. Bf4 Rd1 45. Bxd5 Rxd4 46. Bb3 Rb4 47. Bd1 c2 48. Bxc2 Rb2 49. Kf3 Rxc2 50. Kg4 Kf6 51. Bg5+ Kg6 52. h5+ Kf7 53. Bf4 Kf6 54.
Bg5+ Kf7 55. Bf4 Rc5 56. Kh4 Kf6 57. g4 Rb5 58. Bd2 Rd5 59. Bc3+ Kf7 60. g5 Rc5 61. g6+ Ke6 62. Ba1 Kf5 63. g7 Rc4+ 64. Kg3 Rc8 65. Bd4 Kg5 66. Bc5 Rg8 67. Bf8 Kxh5 68. Kf4 Kg6 69.
Ke5 Kf7 70. Kf5 Ke8 71. Kg6 Kd7 72. Kf7 Rxg7+ 73. Kxg7 1/2-1/2

[Event "*** Titled Tuesday 3|2 Blitz"]
[Site "Chess.com"]
[Date "2016.01.05"]
[Round "1"]
[White "tac49"]
[Black "lolsirs"]
[Result "1/2-1/2"]
[WhiteElo "2425"]
[BlackElo "2117"]
[TimeControl "180+2"]
[EndTime "17:15:24 PST"]
[Termination "Game drawn by agreement"]

1. e4 e6 2. d4 d5 3. Nd2 c5 4. Ngf3 cxd4 5. Nxd4 Nc6 6. Nxc6 bxc6 7. Bd3 g6 8. O-O Bg7 9. exd5 cxd5 10. c4 Ne7 11. cxd5 Nxd5 12. Qa4+ Bd7 13. Qa3 Bf8 14. Qa6 Bg7 15.
Qd6 Qe7 16. Ne4 Qxd6 17. Nxd6+ Ke7 18. Ne4 Rhc8 19. Bg5+ f6 20. Bd2 h6 21. Rac1 f5 22. Nc3 Nxc3 23. bxc3 Bc6 24. c4 Rd8 25. Rfd1 Kf7 26.
Be3 Bb2 27. Rb1 Bd4 28. Be2 Bxe3 29. fxe3 e5 30. Kf2 Ke7 31. g3 Rab8 32. Rxd8 Rxd8 33. Ke1 Kd6 34. Kd2 Kc5+ 35. Kc3 a6 36. Rb3 g5 37.
Ra3 Bb7 38. Ra5+ Kd6 39. c5+ Kc7 40. Bxa6 Ra8 41. c6 Bxa6 42. Rxe5 Rf8 43. Re7+ Kd6 44. Rh7 Rf6 45. c7 Bc8 46. Kd4 Bd7 47. a4 Kxc7 48. a5 Rd6+ 49. Ke5 Re6+ 50. Kd4 Re4+ 51. Kd3 Re6 52.
Kd4 Kd6 53. a6 Re4+ 54. Kd3 Bb5+ 55. Kc3 Bxa6 56. Rxh6+ Re6 57. Rh5 Rg6 58. h4 gxh4 59. gxh4 Ke5 60. Rh8 Bb7 61. Re8+ Re6 62. Rf8 Bf3 63.
Kd2 Rd6+ 64. Ke1 Bg4 65. Kf2 Rd2+ 66. Kg3 Re2 67. Re8+ Kf6 68. Kf4 Rf2+ 69. Kg3 Rf3+ 70. Kg2 Rh3 71. e4 f4 72. Rg8 Rg3+ 73. Kf2 Ke5 74. h5 Kxe4 75. h6 Kf5 76. h7 Rf3+ 77.
Kg2 Rg3+ 78. Kf2 Rf3+ 79. Kg2 Rg3+ 80. Kf2 Rf3+ 81. Ke1 Rh3 82. h8=Q Rxh8 83. Rxh8 f3 84. Kf2 Kf6 85. Rf8+ Kg7 86. Rf4 Be6 87. Kxf3 Kh8 88. Ke4 Bg8 89. Ke5 Bh7 90. Kf6 Bg8 91. Rh4+ Bh7 92. Rh2 Kg8 93. Kg5 Kh8 94. Kh6 Kg8 95. Rb2 Kh8 96. Rb7 Bg8 97. Ra7 Be6 98. Kg6 Bg8 99.
Rb7 Bd5 100. Rc7 Be4+ 101. Kh6 Bd5 102. Rd7 Be6 103. Ra7 Bd5 104. Rd7 Be6 105. Rd8+ Bg8 106. Rd6 Bc4 107. Kg6 Bb3 108. Rc6 Bd5 109. Rc8+ Bg8 110. Rc7 Bd5 111. Re7 Bc4 112. Rd7 Bb3 113. Rd2 Bc4 114. Rd8+ Bg8 115. Rd7 Bb3 1/2-1/2

[Event "*** Titled Tuesday 3|2 Blitz"]
[Site "Chess.com"]
[Date "2016.01.05"]
[Round "2"]
[White "nijat_a"]
[Black "AUSSIE_PINOY"]
[Result "1-0"]
[WhiteElo "2713"]
[BlackElo "2334"]
[TimeControl "180+2"]
[EndTime "17:18:21 PST"]
[Termination "nijat_a won by checkmate"]

1. d4 c5 2. Nf3 cxd4 3. Nxd4 d5 4. g3 e5 5. Nb3 h6 6. Bg2 Nf6 7. c4 d4 8. O-O Nc6 9. f4 e4 10. f5 a5 11. e3 d3 12. Nc3 a4 13. Nd2 a3 14. Ndxe4 axb2 15. Bxb2 Nxe4 16. Bxe4 Qb6 17. Qxd3 Qxb2 18. Bxc6+ bxc6 19. Qe4+ Kd8 20. Rfd1+ Bd7 21.
Qxc6 Ra7 22. Rab1 Qxc3 23. Rb8+ Ke7 24. Qd6# 1-0

[Event "*** Titled Tuesday 3|2 Blitz"]
[Site "Chess.com"]
[Date "2016.01.05"]
[Round "2"]
[White "Silent_Terror"]
[Black "ChessChronicles123"]
[Result "1-0"]
[WhiteElo "2307"]
[BlackElo "1702"]
[TimeControl "180+2"]
[EndTime "17:19:03 PST"]
[Termination "Silent_Terror won by resignation"]

1. e4 c5 2. Nc3 d6 3. f4 Nf6 4. Nf3 g6 5. Bb5+ Bd7 6. Bxd7+ Nbxd7 7. O-O Bg7 8. Qe1 O-O 9. Qh4 e5 10. d3 Nh5 11. Qxd8 Raxd8 12. fxe5 Nxe5 13. Nd5 Nc6 14. Bg5 Rd7 15. g4 f6 16. Bd2 Nd4 17. Nxd4 cxd4 18.
gxh5 gxh5 19. Kh1 f5 20. Rxf5 Be5 21. Rg1+ Rg7 22. Rxg7+ Kxg7 23. Bh6+ Kxh6 24. Rxf8 1-0

[Event "*** Titled Tuesday 3|2 Blitz"]
[Site "Chess.com"]
[Date "2016.01.05"]
[Round "2"]
[White "Yaacovn"]
[Black "AungTZ"]
[Result "1-0"]
[WhiteElo "2546"]
[BlackElo "2122"]
[TimeControl "180+2"]
[EndTime "17:19:08 PST"]
[Termination "Yaacovn won by resignation"]

1. d4 Nf6 2. Nf3 e6 3. c4 d5 4. Nc3 Be7 5. Bg5 O-O 6. e3 Ne4 7. Bxe7 Qxe7 8. Qc2 f5 9. cxd5 Nxc3 10. Qxc3 exd5 11. Be2 c6 12. O-O Be6 13. Ne5 Nd7 14. f4 Nxe5 15. fxe5 Kh8 16. b4 Rac8 17. Qc5 Qg5 18. Rf4 a6 19. Raf1 Rf7 20. h4 Qh6 21. Bd3 Rg8 22. Qd6 g5 23. Rxf5 Rxf5 24. Bxf5 gxh4 25.
Qxe6 Qxe3+ 26. Kh1 h3 27. Qf6+ Rg7 28. Qd8+ Rg8 29.
Qf6+ Rg7 30. Bxh3 h5 31. Qf8+ Kh7 32. Bf5+ Kh6 33. Qf6+ 1-0

[Event "*** Titled Tuesday 3|2 Blitz"]
[Site "Chess.com"]
[Date "2016.01.05"]
[Round "2"]
[White "AlexanderL"]
[Black "mateueasily"]
[Result "1-0"]
[WhiteElo "2594"]
[BlackElo "2332"]
[TimeControl "180+2"]
[EndTime "17:19:31 PST"]
[Termination "AlexanderL won by resignation"]

1. d4 Nf6 2. c4 e6 3. Nc3 Bb4 4. Qc2 Nc6 5. Nf3 O-O 6. e4 Bxc3+ 7. bxc3 d6 8. e5 dxe5 9. dxe5 Nd7 10. Ng5 g6 11. f4 b6 12. h4 Ne7 13. h5 Nf5 14. hxg6 hxg6 15. g4 Ng3 16. Qh2 1-0

[Event "*** Titled Tuesday 3|2 Blitz"]
[Site "Chess.com"]
[Date "2016.01.05"]
[Round "2"]
[White "aspired"]
[Black "LyonBeast"]
[Result "0-1"]
[WhiteElo "2370"]
[BlackElo "2768"]
[TimeControl "180+2"]
[EndTime "17:20:02 PST"]
[Termination "LyonBeast won by resignation"]

1. e4 c5 2. Nf3 d6 3. Bb5+ Nd7 4. O-O a6 5. Bd3 Ngf6 6. Re1 b5 7. c4 g5 8. cxb5 g4 9. e5 dxe5 10. Ng5 Bg7 11.
Nc3 O-O 12. b3 axb5 13. Nxb5 Ba6 14. Bb2 h6 15. Ne4 Nxe4 16. Rxe4 Nf6 17. Qe2 Bxb5 18. Bxb5 Nxe4 19. Qxe4 Qxd2 20. Bd3 Rfd8 21. Qh7+ Kf8 22. Bxe5 Bxe5 0-1

[Event "*** Titled Tuesday 3|2 Blitz"]
[Site "Chess.com"]
[Date "2016.01.05"]
[Round "2"]
[White "zanbato17"]
[Black "chess4life23"]
[Result "1-0"]
[WhiteElo "2232"]
[BlackElo "2139"]
[TimeControl "180+2"]
[EndTime "17:20:14 PST"]
[Termination "zanbato17 won by resignation"]

1. d4 Nf6 2. c4 e6 3. Nf3 b6 4. g3 Ba6 5. Qc2 c5 6. Bg2 Bb7 7. dxc5 Bxc5 8. O-O O-O 9. Nc3 Nc6 10. a3 Rc8 11.
Rd1 a6 12. Bg5 Be7 13. b3 h6 14. Bf4 d6 15. Rd2 Nh5 16. Be3 b5 17. cxb5 axb5 18. Qd1 b4 19. axb4 Nxb4 20. Rc1 Nf6 21. Na4 Qb6 22. Bxb6 1-0

[Event "*** Titled Tuesday 3|2 Blitz"]
[Site "Chess.com"]
[Date "2016.01.05"]
[Round "2"]
[White "pedromartinez91"]
[Black "saraswathii"]
[Result "1-0"]
[WhiteElo "2081"]
[BlackElo "1859"]
[TimeControl "180+2"]
[EndTime "17:20:30 PST"]
[Termination "pedromartinez91 won by checkmate"]

1. e4 c5 2. Nf3 e6 3. c3 Nf6 4. d3 d5 5. e5 Nfd7 6. d4 Nc6 7. Be2 Qb6 8. O-O c4 9. b3 cxb3 10. axb3 g6 11. c4 Bg7 12. Ba3 f6 13. cxd5 exd5 14.
Nc3 fxe5 15. Nxd5 Qd8 16. Bd6 e4 17. Nc7+ Kf7 18. Bc4+ Kf6 19. d5 Nce5 20. Qd4 exf3 21. Qf4# 1-0

[Event "*** Titled Tuesday 3|2 Blitz"]
[Site "Chess.com"]
[Date "2016.01.05"]
[Round "2"]
[White "Recombinant"]
[Black "Jahonas"]
[Result "1/2-1/2"]
[WhiteElo "2184"]
[BlackElo "2095"]
[TimeControl "180+2"]
[EndTime "17:21:03 PST"]
[Termination "Game drawn by agreement"]

1. d4 c5 2. d5 Nf6 3. c4 g6 4. Nc3 d6 5. Nf3 Bg7 6. Bg5 O-O 7. e4 a6 8. Qd2 Nbd7 9. Be2 b5 10. cxb5 axb5 11.
Bxb5 Ba6 12. Bxa6 Rxa6 13. O-O Nb6 14. b3 Nfd7 15. Rac1 Re8 16. a4 c4 17. bxc4 Nxa4 18. Nxa4 Rxa4 19. Bh6 Qc7 20. Bxg7 Kxg7 21. Qd4+ Kg8 22.
h3 Rc8 23. Nd2 Ne5 24. f4 Nxc4 25. f5 Qc5 26. Qxc5 Rxc5 27. Nxc4 Raxc4 28. Rxc4 Rxc4 29. fxg6 hxg6 30. Rf4 Kg7 31. Kf2 Ra4 32. h4 f6 33.
Kg3 Ra3+ 34. Rf3 Rxf3+ 35. Kxf3 1/2-1/2

[Event "*** Titled Tuesday 3|2 Blitz"]
[Site "Chess.com"]
[Date "2016.01.05"]
[Round "2"]
[White "MinhGTrAn"]
[Black "RitchieBlackmore"]
[Result "0-1"]
[WhiteElo "2543"]
[BlackElo "2447"]
[TimeControl "180+2"]
[EndTime "17:21:06 PST"]
[Termination "RitchieBlackmore won by resignation"]

1. d4 d6 2. e4 e5 3. Nf3 exd4 4. Nxd4 Nf6 5. Nc3 g6 6. Bc4 Bg7 7. O-O O-O 8. Bg5 Nc6 9. Nxc6 bxc6 10. Re1 h6 11.
Bh4 Rb8 12. Bb3 g5 13. Bg3 Nd7 14. Qd2 Ba6 15. Rad1 c5 16. Rb1 Nb6 17. Bd5 h5 18. e5 h4 19. e6 Nxd5 20. Qxd5 Qe7 21. Qc6 Bc4 22. exf7+ Qxf7 23. Ne4 hxg3 24. Nxg3 Bd5 0-1

[Event "*** Titled Tuesday 3|2 Blitz"]
[Site "Chess.com"]
[Date "2016.01.05"]
[Round "2"]
[White "HansCoolNiemann"]
[Black "aNONoNonono"]
[Result "0-1"]
[WhiteElo "2221"]
[BlackElo "2167"]
[TimeControl "180+2"]
[EndTime "17:21:23 PST"]
[Termination "aNONoNonono won by resignation"]

1. d4 Nf6 2. c4 e6 3. Nc3 Bb4 4. Bg5 h6 5. Bh4 b6 6. f3 O-O 7. e4 c5 8. d5 exd5 9. cxd5 Re8 10. Bd3 g5 11. Bf2 Nxd5 12. Qd2 Nf4 13. Nge2 Nxe2 14.
Bxe2 d5 15. exd5 Ba6 16. Be3 Bxe2 17. Kxe2 Nd7 18. Kf2 Ne5 19. b3 Qf6 20. Ne4 Ng4+ 21. Ke2 Rxe4 22. fxe4 Bxd2 23. Kxd2 Qb2+ 24. Kd3 Nxe3 25.
Kxe3 Qd4+ 26. Kf3 Qd3+ 27. Kf2 Qxe4 28. Rhd1 Rd8 29. d6 Rxd6 30. Rxd6 Qf4+ 31. Kg1 Qxd6 0-1

[Event "*** Titled Tuesday 3|2 Blitz"]
[Site "Chess.com"]
[Date "2016.01.05"]
[Round "2"]
[White "DeviatkinAndrey"]
[Black "Er_is_geen_hoop_meer"]
[Result "1-0"]
[WhiteElo "2487"]
[BlackElo "2306"]
[TimeControl "180+2"]
[EndTime "17:21:38 PST"]
[Termination "DeviatkinAndrey won by checkmate"]

1. Nf3 Nf6 2. g3 g6 3. b3 Bg7 4. Bb2 O-O 5. Bg2 c5 6. c4 Nc6 7.
O-O d6 8. d4 Ne4 9. Nbd2 Bf5 10. e3 Nxd2 11. Qxd2 Be4 12. d5 Bxb2 13. Qxb2 Nb8 14.
Nd2 Bxg2 15. Kxg2 Nd7 16. e4 a6 17. a4 b5 18. axb5 axb5 19. h4 Qb6 20. h5 bxc4 21. Nxc4 Qb4 22. h6 Nf6 23. f3 Rfb8 24. Rxa8 Rxa8 25. Ra1 Rb8 26. Kh3 Ne8 27. Na5 Rb5 28.
Nc6 Qxb3 29. Ra8 Qxb2 30. Rxe8# 1-0

[Event "*** Titled Tuesday 3|2 Blitz"]
[Site "Chess.com"]
[Date "2016.01.05"]
[Round "2"]
[White "JustKid"]
[Black "Fibrinogen"]
[Result "0-1"]
[WhiteElo "2087"]
[BlackElo "2194"]
[TimeControl "180+2"]
[EndTime "17:22:26 PST"]
[Termination "Fibrinogen won by checkmate"]

1. e4 e5 2. Nf3 Nc6 3. Bb5 a6 4. Bxc6 dxc6 5. O-O f6 6. d3 Ne7 7. h3 g5 8. Nh2 h5 9. b3 c5 10. a4 Nc6 11. Nd2 Be6 12. Bb2 Qd7 13. f3 O-O-O 14. g4 hxg4 15. hxg4 Nd4 16. Kg2 Bd6 17. Nc4 Bf7 18. Nxd6+ Qxd6 19. Rf2 Ne6 20. Rd2 Nf4+ 21. Kg1 Rh3 22. Qf1 Rdh8 23. Rad1 Qf8 24. Rf2 Qh6 25. Rdd2 Rh4 26. Kh1 Rh3 27. Kg1 Qh4 28. Kh1 Rg3 29. Ba3 b6 30. b4 cxb4 31. Bxb4 Nh3 32. Rg2 Rxg2 33. Rxg2 Nf4 34. Rd2 Qg3 35. d4 exd4 36. a5 b5 37. Be7 Bc4 38. Qf2 Rxh2+ 39. Qxh2 Qxf3+ 40. Kg1 Qf1# 0-1

[Event "*** Titled Tuesday 3|2 Blitz"]
[Site "Chess.com"]
[Date "2016.01.05"]
[Round "2"]
[White "DanielNaroditsky"]
[Black "lolsirs"]
[Result "1-0"]
[WhiteElo "2556"]
[BlackElo "2116"]
[TimeControl "180+2"]
[EndTime "17:22:31 PST"]
[Termination "DanielNaroditsky won by resignation"]

1. d4 d5 2. c4 c6 3. Nf3 Nf6 4. Nc3 dxc4 5. a4 Bf5 6. e3 e6 7. Bxc4 Bb4 8. O-O Nbd7 9. Qe2 Bg6 10. e4 Bxc3 11. bxc3 Nxe4 12. Ba3 Qc7 13. Rfc1 O-O-O 14. a5 Rhe8 15. a6 b6 16. Bd3 e5 17. Bxe4 exd4 18.
Ng5 d3 19. Qxd3 Qf4 20. Bxg6 hxg6 21. Qf3 Qxf3 22. gxf3 Ne5 23. f4 Nc4 24. Nxf7 Rd2 25. Rd1 Rxd1+ 26. Rxd1 Nxa3 27. Nd6+ Kd7 28. Nb5+ Kc8 29.
Nxa3 1-0

[Event "*** Titled Tuesday 3|2 Blitz"]
[Site "Chess.com"]
[Date "2016.01.05"]
[Round "2"]
[White "BCNUM8"]
[Black "jefferyx"]
[Result "0-1"]
[WhiteElo "2137"]
[BlackElo "2544"]
[TimeControl "180+2"]
[EndTime "17:22:44 PST"]
[Termination "jefferyx won by resignation"]

1. d4 b5 2. Nf3 Bb7 3. e3 a6 4. c3 e6 5. Qb3 g5 6. a4 Bd5 7.
Qc2 g4 8. Ne5 d6 9. Nxg4 h5 10. e4 Bb7 11. Ne3 Nf6 12. Nd2 b4 13. Bd3 Bh6 14. Nf3 Ng4 15. h3 Nf6 16. Bd2 Nc6 17.
O-O Rg8 18. Kh1 Nh7 19. d5 Ne7 20. c4 Ng6 21. c5 dxc5 22. Nc4 Bxd2 23. Qxd2 exd5 24. Na5 dxe4 25. Nxb7 Qxd3 26. Qxd3 exd3 27. Nxc5 O-O-O 28. Nxa6 Nf4 29. g3 Nxh3 30. Kh2 N3g5 31. Nxg5 Nxg5 32. Nxb4 Rd4 33. Nc6 Re4 34. Rad1 Rg6 35.
Na7+ Kb8 36. Nb5 Rxa4 37. Rxd3 Rb4 38. Nd4 Rxb2 39. Nc6+ Rxc6 40. Rd5 Rg6 41. Kg2 Ne6 42. Rd7 Rf6 43. Rh1 Rbxf2+ 44. Kh3 0-1